 Dungeon Crawl Stone Soup version 0.23-a0-710-gaad00d04af (webtiles) character file.

45 Fandomethor the Slasher (level 3, 0/27 HPs)
             Began as a Demonspawn Gladiator on Jan 15, 2019.
             Slain by an orc
             ... wielding a +0 trident
              (3 damage)
             ... on level 3 of the Dungeon.
             The game lasted 00:01:10 (1053 turns).

Fandomethor the Slasher (Demonspawn Gladiator)      Turns: 1053, Time: 00:01:11

Health: 0/27       AC: 10    Str: 15    XL:     3   Next: 42%
Magic:  3/3        EV:  4    Int:  9    God:
Gold:   55         SH:  0    Dex: 14    Spells: 2/2 levels left

rFire    . . .     SeeInvis .   a - +0 long sword
rCold    . . .     Gourm    .   (no shield)
rNeg     . . .     Faith    .   e - +0 chain mail
rPois    .         Spirit   .   c - +0 helmet
rElec    .         Reflect  .   (no cloak)
rCorr    .         Harm     .   (no gloves)
MR       .....                  k - +0 pair of boots
Stlth    ..........             (no amulet)
HPRegen  0.09/turn              (no ring)
MPRegen  0.08/turn              (no ring)

@: flying, constricted
A: talons 1
a: no special abilities


You were on level 3 of the Dungeon.
You were not hungry.

You visited 1 branch of the dungeon, and saw 3 of its levels.

You collected 55 gold pieces.

Inventory:

Hand Weapons
 a - a +0 long sword (weapon)
Missiles
 d - 3 throwing nets (quivered)
Armour
 c - a +0 helmet (worn)
 e - a +0 chain mail (worn)
 k - a +0 pair of boots (worn)
Scrolls
 b - 4 scrolls of identify {unknown}
 g - 2 scrolls of teleportation {unknown}
 i - a scroll of remove curse {unknown}
 l - a scroll of magic mapping {unknown}
Potions
 j - a potion of magic {unknown}
 m - a potion of berserk rage {unknown}
 n - a potion of curing {unknown}
Comestibles
 f - 2 rations


   Skills:
 - Level 2.0 Fighting
 + Level 4.1 Long Blades
 - Level 1.7 Throwing
 - Level 2.6 Dodging


You had 2 spell levels left.
You didn't know any spells.
Your spell library contained the following spells:

 Spells                   Type           Power        Failure   Level  Hunger
 Animate Skeleton         Necr           N/A          100%        1    ##.....
 Pain                     Necr           #...         100%        1    ##.....


Dungeon Overview and Level Annotations

Branches:
Dungeon (3/15)

Altars:

Annotations:
D:2 Sigmund


Innate Abilities, Weirdness & Mutations

You have sharp toenails.


Message History

The orc wizard blinks!
The orc hits you from afar with a +0 trident.
* * * LOW HITPOINT WARNING * * *
The orc hits you but does no damage.
It was a potion of flight.
You feel very buoyant.
You fly up into the air.
The ball python closely misses you. The ball python grabs you.
The ball python constricts you.
The orc wizard hits you but does no damage.
You closely miss the orc wizard.
The orc wizard is heavily wounded.
The orc wizard hits you but does no damage.
The ball python bites you.
* * * LOW HITPOINT WARNING * * *
x2 The ball python constricts you.
The orc hits you but does no damage.
The orc wizard hits you but does no damage.
The ball python bites you but does no damage.
The ball python constricts you.
The orc hits you from afar with a +0 trident.
You die...

#.#...##.#####.
#.#......#....... #
#.#............... #.
....!............ .. #
#........#.##... #.
#.#....#..........
....................
#.#.###o.............
#...o@So......†......
#.#.###o........$.... #.
#..............
#.###..(...........
#..................
#######..#####.........
#######...................<..
................####.........
#####.<.####...# #.........


You could see an orc wizard, 3 orcs and a ball python.

Vanquished Creatures
  Jessica (D:2)
  A dart slug (D:1)
  An orc (D:3)
  A goblin (D:1)
  2 hobgoblins
  2 quokkas (D:2)
  A ball python (D:3)
  4 bats
  2 kobolds (D:1)
  4 rats
19 creatures vanquished.

Notes
Turn   | Place    | Note
-------+----------+-------------------------------------------
     0 | D:1      | Fandomethor the Demonspawn Gladiator began the quest for
                  | the Orb.
     0 | D:1      | Reached XP level 1. HP: 16/16 MP: 1/1
   385 | D:1      | Reached skill level 3 in Long Blades
   448 | D:1      | Gained mutation: You have sharp toenails. [demonic
                  | ancestry]
   448 | D:1      | Reached XP level 2. HP: 14/22 MP: 2/2
   734 | D:2      | Noticed Sigmund
   947 | D:2      | Noticed Jessica
   953 | D:2      | Killed Jessica
   953 | D:2      | Reached skill level 4 in Long Blades
   953 | D:2      | Reached XP level 3. HP: 27/27 MP: 3/3
   967 | D:2      | Identified Jessica's Volume of Dark Arts
  1053 | D:3      | Slain by an orc

Vault maps used:
D:1:      psy_arrival_fountain, minmay_misc_feat_five
D:2:      kennysheep_jessica_study, uniq_sigmund
D:3:      corexii_shack_village, uniq_robin

Skill      XL: |  1  2 |
---------------+-------+-----
Long Blades    | 3 4 |  4.1
Fighting       | |  2.0
Throwing       | |  1.7
Dodging        | |  2.6

Action                   || total
-------------------------++-------
Melee: Long sword        ||    56
       Kick              ||     4
  Use: Potion            ||     1
Armor: Leather armour    ||     9
       Chain mail        ||    37
Dodge: Dodged            ||    45
       Rpst.: Long sword ||    10

Table legend:
 A = Non-vault XP
 B = Vault XP
 C = Vault XP percentage of total XP
 D = Non-vault monster count
 E = Vault monster count
 F = Vault count percentage of total count
                 A         B        C        D         E       F
            +---------+---------+-------+---------+---------+-------
      Total |      26 |      39 |  60.0 |      17 |       2 |  10.5
            +---------+---------+-------+---------+---------+-------
        D:1 |      15 |       0 |   0.0 |      10 |       0 |   0.0
        D:2 |       4 |      39 |  90.7 |       2 |       2 |  50.0
        D:3 |       7 |       0 |   0.0 |       5 |       0 |   0.0
            +---------+---------+-------+---------+---------+-------
